 Dungeon Crawl Stone Soup version 0.28-a0-863-g8cecda6153 (webtiles) character file.

Game seed: 1939294120192308111

10010 Zdeegee the Zephyrmancer (level 11, -10/64 HPs)
             Began as a Tengu Air Elementalist on Nov 16, 2021.
             Was a Priest of Vehumet.
             Mangled by Snorg (21 damage)
             ... on level 9 of the Dungeon on Nov 18, 2021.
             The game lasted 00:27:19 (11821 turns).

Zdeegee the Zephyrmancer (Tengu Air Elementalist)  Turns: 11821, Time: 00:27:19

Health: -10/64     AC:  8    Str:  9    XL:     11   Next: 55%
Magic:  30/34      EV: 16    Int: 19    God:    Vehumet [***...]
Gold:   482        SH:  0    Dex: 14    Spells: 11/29 levels left

rFire   . . .      SeeInvis .   a - staff of air
rCold   . . .      Faith    .   (no shield)
rNeg    . . .      Spirit   .   D - +1 leather armour {rPois}
rPois   +          Reflect  .   (helmet restricted)
rElec   +          Harm     .   (no cloak)
rCorr   .          Rampage  .   (no gloves)
Will    .....                   (boots unavailable)
Stlth   ++........              v - amulet of magic regeneration
HPRegen 0.20/turn               g - ring of magical power
MPRegen 0.49/turn               n - +4 ring of protection

@: about to teleport, flying quickly and evasively, quick
A: beak, talons 3, nimble flight
a: Renounce Religion


You were on level 9 of the Dungeon.
You worshipped Vehumet.
Vehumet was most pleased with you.
You visited 2 branches of the dungeon, and saw 11 of its levels.

You collected 482 gold pieces.

Inventory:

Hand Weapons
 b - a +3 short sword
 c - a +0 dagger
 l - a +1 short sword of holy wrath
Missiles
 p - 43 sling bullets
 z - a throwing net
 B - 35 poisoned darts
Armour
 r - a +0 robe
 D - a +1 leather armour of poison resistance (worn)
Magical Staves
 a - a staff of air (weapon)
Jewellery
 g - a ring of magical power (left hand)
 n - a +4 ring of protection (right hand)
 s - a ring of positive energy
 v - an amulet of magic regeneration (around neck)
 A - an amulet of reflection
Wands
 C - a wand of iceblast (28)
 F - a wand of mindburst (13)
Scrolls
 d - 2 scrolls of holy word
 h - a scroll of immolation
 j - a scroll of teleportation
 k - a scroll of vulnerability {unknown}
 m - a scroll of brand weapon {unknown}
 o - a scroll of amnesia
 t - 2 scrolls of fear
 w - a scroll of enchant weapon {unknown}
 y - a scroll of silence
 G - a scroll of summoning {unknown}
 I - a scroll of noise {unknown}
 J - a scroll of fog {unknown}
 K - a scroll of magic mapping {unknown}
 L - a scroll of identify
 M - a scroll of enchant armour {unknown}
Potions
 e - 2 potions of heal wounds
 f - 4 potions of curing
 i - a potion of magic
 q - 2 potions of might
 u - a potion of resistance {unknown}
 x - a potion of mutation {unknown}
 E - 2 potions of berserk rage {unknown}
 H - 2 potions of ambrosia


   Skills:
 * Level 5.3 Fighting
 + Level 0.4 Short Blades
 + Level 1.8 Armour
 * Level 6.1 Dodging
 + Level 2.3 Stealth
 * Level 9.8 Spellcasting
 * Level 7.2 Conjurations
 * Level 4.3 Ice Magic
 * Level 13.1 Air Magic


You had 11 spell levels left.
You knew the following spells:

 Your Spells              Type           Power      Damage    Failure   Level
a - Shock                 Conj/Air       100%       1d9       1%          1
b - Static Discharge      Conj/Air       64%        N/A       1%          2
c - Swiftness             Air            73%        N/A       1%          3
d - Airstrike             Air            36%        N/A       1%          4
e - Ozocubu's Armour      Ice            25%        N/A       5%          3
f - Searing Ray           Conj           72%        2d7       1%          2
g - Frozen Ramparts       Ice            50%        1d7       1%          3

Your spell library contained the following spells:

 Spells                   Type           Power      Damage    Failure   Level
 Iskenderun's Mystic Bla  Conj/Tloc      23%        2d6       7%          4
 Iskenderun's Battlesphe  Conj           36%        2d9       4%          5
 Conjure Ball Lightning   Conj/Air       32%        3x3d10    7%          6
 Animate Skeleton         Necr           18%        N/A       11%         1
 Apportation              Tloc           18%        N/A       11%         1
 Pain                     Necr           36%        1d5       11%         1
 Summon Small Mammal      Summ           36%        N/A       11%         1
 Fireball                 Conj/Fire      11%        3d7       17%         5
 Orb of Destruction       Conj           18%        9d8       71%         7
 Agony                    Necr           9%         N/A       96%         5
 Excruciating Wounds      Necr           4%         N/A       96%         5
 Ozocubu's Refrigeration  Ice            12%        4d7       96%         7


Dungeon Overview and Level Annotations

Branches:
Dungeon (10/15)            Temple (1/1) D:4            Lair (0/6) D:9
    Orc: D:9-12

Altars:
Ashenzari
Cheibriados
Dithmenos
Elyvilon
Fedhas
Gozag
Hepliaklqana
Kikubaaqudgha
Makhleb
Nemelex Xobeh
Okawaru
Qazlal
Ru
Sif Muna
Trog
Uskayaw
Vehumet
Wu Jian
Xom
Yredelemnul
Zin
The Shining One

Annotations:
D:9 Snorg


Innate Abilities, Weirdness & Mutations

You have a beak for a mouth.
You have claws for feet.
Your magical nature lets you fly swiftly and evasively.


Message History

Casting: Frozen Ramparts (safe; 1% risk of failure)
Press: ? - help, Dir - look around, f - activate A stone staircase leading up, spattered with blood.
The walls around you are covered in ice.
Casting: Frozen Ramparts (safe; 1% risk of failure)
Confirm with . or Enter, or press ? or * to list all spells.
Aiming: Searing Ray (safe; 1% risk of failure)
Press: ? - help, Shift-Dir - straight line, f - Snorg
Aim: Snorg (81% to hit)
The searing ray hits Snorg!
Snorg is lightly wounded. (Press . to maintain the ray.)
The wall freezes Snorg.
The searing ray hits Snorg!
Snorg is lightly wounded.
Snorg goes berserk!
Unknown command.
The searing ray hits Snorg!
Snorg is moderately wounded.
Snorg bites you!! Snorg claws you! Snorg claws you but does no damage.
Unknown command.
Your frozen ramparts will break if you move.
Continue?
Snorg bites you but does no damage. Snorg barely misses you.
Snorg claws you but does no damage.
The frozen ramparts melt away.
You fly upwards.
There is a stone staircase leading down here.
Casting: Searing Ray (safe; 1% risk of failure)
Confirm with . or Enter, or press ? or * to list all spells.
Okay, then.
You can't see any enemies this would affect, really read the scroll of fear? [Y]es or [N]o only, please.
You can't see any enemies this would affect, really read the scroll of fear?
Okay, then.
Unknown command.
As you read the scroll of teleportation, it crumbles to dust.
You feel strangely unstable. Snorg bites you. Snorg barely misses you.
Snorg claws you!
* * * LOW HITPOINT WARNING * * *
Snorg bites you!!
You die...

..# #..............# #.... ..#
#..............# #.... ..#
#..............# #.... ..#
#..............# #.... ..#
#..............# #.... ..#
#..............# ##.... ..#
#..............# #..... ..#
#.......$......####.....
..########......@................
...............[.T......###[.....
.#########..............# ##...##
.# #..............# #....# .#
#..............# #.##.. .#
#.........####.# #.#... .#
#.........# #.# #..... .#
#.........# #.#####.... .#
#.........# #..........


You could see Snorg (berserk).

Vanquished Creatures
  Erolcha (D:9)
  5 death yaks
  Pikel (D:6)
  A gargoyle (D:10)
  A hornet (D:10)
  2 wyverns
  11 yaks
  2 water moccasins (D:8)
  A black bear (D:6)
  6 orc warriors
  2 ice beasts (D:6)
  2 sky beasts (D:5)
  3 ogres
  A necrophage (D:8)
  4 centaurs
  A phantom (D:7)
  3 scorpions
  8 killer bees
  2 howler monkeys
  5 centaur zombies
  2 bullfrog zombies (D:7)
  3 hounds
  3 jellies
  9 orc priests
  A centaur skeleton (D:7)
  An iguana (D:5)
  5 orc wizards
  A killer bee zombie (D:7)
  A howler monkey zombie (D:9)
  8 gnolls
  4 adders (D:2)
  An ufetubus (D:7)
  6 dart slugs
  53 orcs
  6 bats
  7 endoplasms
  2 giant cockroaches
  5 goblins
  4 hobgoblins
  10 jackals
  11 kobolds
  4 quokkas
  5 ball pythons
  5 frilled lizards
  7 rats
226 creatures vanquished.

Vanquished Creatures (others)
  A fungus (D:2)
  A plant (D:2)
2 creatures vanquished.

Grand Total: 228 creatures vanquished

Notes
Turn   | Place    | Note
-------+----------+-------------------------------------------
     0 | D:1      | Zdeegee the Tengu Air Elementalist began the quest for the
                  | Orb.
     0 | D:1      | Reached XP level 1. HP: 10/10 MP: 4/4
   258 | D:1      | Reached XP level 2. HP: 15/15 MP: 3/6
   512 | D:1      | Learned a level 2 spell: Static Discharge
   856 | D:1      | Reached XP level 3. HP: 19/19 MP: 7/7
   860 | D:1      | Learned a level 3 spell: Swiftness
  1664 | D:2      | Reached XP level 4. HP: 24/24 MP: 9/9
  1752 | D:2      | Reached skill level 5 in Air Magic
  1824 | D:2      | Found a faded altar of an unknown god.
  2185 | D:3      | Gained mutation: Your magical nature lets you fly swiftly
                  | and evasively. [Tengu growth]
  2185 | D:3      | Reached XP level 5. HP: 28/28 MP: 10/10
  2284 | D:3      | Reached skill level 1 in Fighting
  2445 | D:3      | Learned a level 4 spell: Airstrike
  3047 | D:4      | Found a staircase to the Ecumenical Temple.
  3064 | Temple   | Entered the Ecumenical Temple
  3298 | Temple   | Became a worshipper of Vehumet
  3410 | D:4      | Reached XP level 6. HP: 34/34 MP: 1/11
  3976 | D:4      | Reached skill level 6 in Air Magic
  4126 | D:4      | Found an ancient bone altar of Kikubaaqudgha.
  4127 | D:4      | Found a broken altar of Ashenzari.
  4407 | D:5      | Entered Level 5 of the Dungeon
  4414 | D:5      | Reached XP level 7. HP: 39/39 MP: 11/13
  4468 | D:5      | Reached skill level 1 in Ice Magic
  4630 | D:5      | Reached * piety under Vehumet
  4630 | D:5      | Offered knowledge of Magic Dart by Vehumet.
  4631 | D:5      | Reached skill level 5 in Spellcasting
  5122 | D:5      | Reached skill level 7 in Air Magic
  5122 | D:5      | Reached XP level 8. HP: 44/44 MP: 13/17
  5126 | D:5      | Learned a level 3 spell: Ozocubu's Armour
  5775 | D:6      | Found the +6 lightning scales {swift, rElec}
  5831 | D:6      | Reached skill level 8 in Air Magic
  6109 | D:6      | Noticed Pikel
  6113 | D:6      | Killed Pikel
  6114 | D:6      | Reached skill level 5 in Conjurations
  6114 | D:6      | Reached skill level 9 in Air Magic
  6114 | D:6      | Reached XP level 9. HP: 41/49 MP: 9/20
  6446 | D:6      | Found a shimmering blue altar of Sif Muna.
  7055 | D:6      | Found a blossoming altar of Fedhas.
  7092 | D:6      | Found an ornate altar of the Wu Jian Council.
  7707 | D:7      | Reached ** piety under Vehumet
  7781 | D:7      | Offered knowledge of Searing Ray by Vehumet.
  7785 | D:7      | Learned a level 2 spell: Searing Ray
  8060 | D:7      | Found a shadowy altar of Dithmenos.
  8599 | D:8      | Reached skill level 10 in Air Magic
  8635 | D:8      | Reached XP level 10. HP: 34/57 MP: 8/22
  8870 | D:8      | Reached skill level 5 in Dodging
  9222 | D:8      | Found a white marble altar of Elyvilon.
  9231 | D:8      | Offered knowledge of Frozen Ramparts by Vehumet.
  9758 | D:9      | Reached skill level 11 in Air Magic
  9848 | D:9      | Noticed Erolcha
  9849 | D:9      | Noticed a death yak
  9850 | D:9      | Noticed a death yak
  9853 | D:9      | Killed Erolcha
 10221 | D:9      | Reached *** piety under Vehumet
 10290 | D:9      | Learned a level 3 spell: Frozen Ramparts
 10332 | D:9      | Found a staircase to the Lair.
 10500 | D:9      | Noticed a death yak
 10501 | D:9      | Noticed a death yak
 10502 | D:9      | Noticed a death yak
 10528 | D:9      | Killed a death yak
 10529 | D:9      | Reached skill level 1 in Armour
 10529 | D:9      | Reached skill level 12 in Air Magic
 10581 | D:8      | Killed a death yak
 10582 | D:8      | Reached skill level 5 in Fighting
 10582 | D:8      | Reached XP level 11. HP: 22/63 MP: 7/25
 10983 | D:9      | Killed a death yak
 11048 | D:8      | Killed a death yak
 11241 | D:8      | Killed a death yak
 11422 | D:10     | Entered Level 10 of the Dungeon
 11428 | D:10     | Noticed Snorg
 11432 | D:10     | Reached skill level 13 in Air Magic
 11529 | D:10     | Upgraded the game from 0.28-a0-861-ge64d6db94f to
                  | 0.28-a0-863-g8cecda6153
 11553 | D:10     | Offered knowledge of Iskenderun's Mystic Blast by Vehumet.
 11821 | D:9      | Mangled by Snorg

Illustrated notes

Levels and vault maps discovered:
D:1:      ebering_trefoil_3fold, layout_basic
D:2:      layout_rooms, dreamdust_ecumenical_altar_hidden_monk_grotto
D:3:      layout_loops_ring, hangedman_decor_clover_reticule
D:4:      layout_basic, mainiacjoe_overflow_divided_tiny,
          minmay_temple_entry_junction_2
D:5:      layout_cave_pods, nicolae_zen_rock_garden
D:6:      layout_layer_cave, mainiacjoe_overflow_concentric_impassable,
          mainiacjoe_overflow_two_lobes, uniq_pikel
D:7:      layout_basic, lemuel_crystal_altar, grunt_decor_mini_mirrors
D:8:      layout_rooms, elyvilon_altar_4, fountainhead
D:9:      layout_long_grid, dpeg_lair_monsters, uniq_erolcha
D:10:     layout_loops_ring, hiddenorc1_lemuel, grunt_ministairs_13,
          uniq_maggie, uniq_snorg, uniq_joseph
Temple:   regret_index_temple_generic_petals

Skill      XL: |  1  2  3  4  5  6  7  8  9 10 11 |
---------------+----------------------------------+-----
Conjurations   | 2 3 4 5 6 7 |  7.2
Air Magic      | 5 6 7 9 10 12 13 | 13.1
Spellcasting   | 3 5 6 7 9 |  9.8
Fighting       | 1 2 4 5 |  5.3
Dodging        | 3 4 5 6 |  6.1
Ice Magic      | 1 2 3 4 |  4.3
Armour         | 1 |  1.8
Short Blades   | |  0.4
Stealth        | |  2.3

Action                   |  1- 3 |  4- 6 |  7- 9 | 10-12 || total
-------------------------+-------+-------+-------+-------++-------
Melee: Dagger            |     2 |       |       |       ||     2
       Short sword       |     9 |    20 |    10 |     4 ||    43
       Peck              |     2 |     5 |     4 |       ||    11
       Kick              |       |     6 |     3 |       ||     9
       Staff             |       |       |       |     2 ||     2
 Cast: Shock             |    70 |   105 |    91 |    59 ||   325
       Static Discharge  |     2 |     6 |     4 |     6 ||    18
       Airstrike         |       |     9 |    82 |   102 ||   193
       Searing Ray       |       |       |     1 |     4 ||     5
       Frozen Ramparts   |       |       |       |     4 ||     4
       Ozocubu's Armour  |       |       |       |     1 ||     1
       Swiftness         |       |       |       |     1 ||     1
Evoke: Wand              |       |       |       |     1 ||     1
  Use: Scroll            |     1 |     1 |     5 |     5 ||    12
       Potion            |       |     1 |       |       ||     1
Armor: Robe              |     5 |    12 |     1 |       ||    18
       Leather armour    |       |       |    20 |    21 ||    41
Dodge: Dodged            |     7 |    20 |    45 |    34 ||   106

Table legend: (Time is in decaauts)
 A = Elapsed time spent in this place.
 B = Non-inter-level travel time spent in this place.
 C = Inter-level travel time spent in this place.
 D = Time resting spent in this place.
 E = Time spent auto-exploring this place.
 F = Levels seen in this place.
 G = Mean time per level.
                   A        B        C        D        E       F      G
               +--------+--------+--------+--------+--------+-----+--------+
         Total |  11235 |  10890 |    345 |   1345 |   7919 |  11 | 1021.4 |
       Dungeon |  10988 |  10683 |    305 |   1345 |   7736 |  10 | 1098.8 |
        Temple |    247 |    207 |     40 |      0 |    183 |   1 |  247.0 |
               +--------+--------+--------+--------+--------+-----+--------+

Top non-repeatable levels by time:
     D:6: 1765 daAuts
     D:8: 1628 daAuts
     D:1: 1446 daAuts
     D:9: 1445 daAuts
     D:5: 1202 daAuts
     D:4: 1140 daAuts
     D:7: 864 daAuts
     D:3: 824 daAuts
     D:2: 608 daAuts
  Temple: 247 daAuts
    D:10: 62 daAuts
